 Dungeon Crawl Stone Soup version 0.30-a0-1016-gfb0d676c02 (webtiles) character file.

Game seed: 12070984418277714612

1603768 CornPuffBuddha the Conqueror (level 26, 266/266 HPs)
             Began as a Black Draconian Berserker on Apr 5, 2023.
             Was an Elder of Trog.
             Escaped with the Orb
             ... and 3 runes on Apr 6, 2023!
             The game lasted 08:03:37 (76160 turns).

CornPuffBuddha the Conqueror (DrBe)                Turns: 76160, Time: 08:03:37

Health: 266/266    AC: 23    Str: 37    XL:     26   Next: 60%
Magic:  23/23      EV: 30    Int:  7    God:    Trog [****..]
Gold:   3183       SH:  0    Dex: 20    Spells: 25/25 levels left

rFire   + + .      SeeInvis +    O - +4 glaive of Arbitration {heavy, rC+ rCorr Dex+5}
rCold   . . .      Faith    .    (shield currently unavailable)
rNeg    + . .      Spirit   .    (body armour unavailable)
rPois   +          Reflect  .    S - +2 hat {SInv}
rElec   +          Rampage  .    X - +4 dragonskin cloak
rCorr   +          Clarity  +    r - +0 pair of fencer's gloves {Riposte Dex+3}
Will    +++++                    K - +2 pair of boots
Stlth   ++                       W - amulet of the Four Winds {rN+ Will+++ Clar}
HPRegen 0.64/turn                D - ring of protection from fire
MPRegen 0.18/turn                x - ring of Nifodwux {Wiz rPois rF+ Str+4 Stlth+}

@: flying
A: breathe lightning, AC +12, unfitting armour, big wings, electricity
resistance, cold-blooded, thin skeletal structure 1, dopey 1, strong-willed 1,
strong 1, cold vulnerability 1, devolution 1
0: Orb of Zot
}: 3/15 runes: decaying, slimy, gossamer
a: Breathe Lightning, Renounce Religion, Berserk, Trog's Hand, Brothers in Arms


You escaped.
You worshipped Trog.
Trog was greatly pleased with you.
You visited 12 branches of the dungeon, and saw 55 of its levels.
You also visited: Sewer, Ossuary, Gauntlet, Wizlab and Desolation.

You collected 8588 gold pieces.
You spent 5405 gold pieces at shops.

Inventory:

Hand Weapons
 a - a +7 spear of venom
 v - the +1 glaive "Jiuw" {flame, rPois SInv}
   (You found it on level 5 of the Pits of Slime)

   rPois:     It protects you from poison.
   SInv:      It lets you see invisible.
 O - the +4 glaive of Arbitration (weapon) {heavy, rC+ rCorr Dex+5}
   (Trog gifted it to you on level 11 of the Dungeon)

   Dex:       It affects your dexterity (+5).
   rC:        It protects you from cold.
   rCorr:     It protects you from acid and corrosion.
Missiles
 E - 2 throwing nets
 I - 10 boomerangs (quivered)
Armour
 r - the +0 pair of fencer's gloves (worn) {Riposte Dex+3}
   (You acquired it on level 2 of the Crypt)

   Riposte:   It allows the wearer to riposte with melee weapons, swiftly
   retaliating against missed or blocked melee attacks.
   Dex:       It affects your dexterity (+3).
 K - a +2 pair of boots (worn)
 S - a +2 hat of see invisible (worn)
 X - the +4 dragonskin cloak (worn)
   (You took it off Tiamat on level 1 of the Realm of Zot)

   Avatar's Aegis: It grants the wearer a chance to resist fire, cold, poison,
   electricity, acid, and negative energy.
Jewellery
 c - the amulet "Bihadocki" {Spirit Contam Harm rPois rN++}
   (You found it on level 5 of the Pits of Slime)

   [amulet of guardian spirit]

   It causes incoming damage to be divided between your reserves of health and
   magic.
   rPois:     It protects you from poison.
   rN:        It greatly protects you from negative energy.
   Contam:    It causes magical contamination when unequipped.
   Harm:      It increases damage dealt and taken.
 j - a ring of protection from cold
 k - a +6 ring of strength
 x - the ring of Nifodwux (right hand) {Wiz rPois rF+ Str+4 Stlth+}
   (You bought it in a shop on level 1 of the Elven Halls)

   [ring of wizardry]

   It improves your spell success rate.
   Str:       It affects your strength (+4).
   rF:        It protects you from fire.
   rPois:     It protects you from poison.
   Stlth:     It makes you more stealthy.
 y - the amulet of Movy Lur {Regen+ Int+3}
   (You found it on level 3 of the Elven Halls)

   [amulet of regeneration]

   Int:       It affects your intelligence (+3).
   Regen:     It increases your rate of health regeneration.
 z - the ring of the Thoughtful Heavens {rN+ Will+ AC+4 Int-4}
   (You took it off a centaur warrior on level 12 of the Dungeon)

   [ring of protection]

   AC:        It affects your AC (+4).
   Int:       It affects your intelligence (-4).
   rN:        It protects you from negative energy.
   Will:      It increases your willpower.
 C - a +6 ring of intelligence
 D - a ring of protection from fire (left hand)
 F - the ring of Ezewoveteot {Will+ Str-5 Dex+2 Slay+5 Stlth+}
   (You took it off a deep elf master archer on level 3 of the Elven Halls)

   [ring of willpower]

   Str:       It affects your strength (-5).
   Dex:       It affects your dexterity (+2).
   Slay:      It affects your accuracy & damage with ranged weapons and melee
   (+5).
   Will:      It increases your willpower.
   Stlth:     It makes you more stealthy.
 R - an amulet of regeneration
 U - a ring of see invisible
 W - the amulet of the Four Winds (around neck) {rN+ Will+++ Clar}
   (You took it off a deep elf annihilator on level 3 of the Elven Halls)

   [amulet of nothing]

   rN:        It protects you from negative energy.
   Clar:      It protects you against confusion.
   Will:      It greatly increases your willpower.
Wands
 f - a wand of paralysis (18)
 g - a wand of mindburst (23)
 l - a wand of quicksilver (6)
 A - a wand of roots (28)
 B - a wand of digging (7)
 P - a wand of polymorph (12)
 Q - a wand of flame (80)
Scrolls
 b - 7 scrolls of silence
 n - 14 scrolls of teleportation
 o - 4 scrolls of enchant weapon
 s - 8 scrolls of fog
 u - 5 scrolls of brand weapon
 w - 9 scrolls of fear
 H - 3 scrolls of butterflies
 J - 4 scrolls of magic mapping
 N - 2 scrolls of enchant armour
 T - 8 scrolls of poison
Potions
 d - 8 potions of ambrosia
 e - a potion of curing
 h - 6 potions of mutation
 i - 5 potions of cancellation
 q - 11 potions of attraction
 t - 6 potions of magic
 G - 5 potions of berserk rage
 L - a potion of resistance
Miscellaneous
 m - a phantom mirror (inert)
 p - a phantom mirror (inert)
 M - a tin of tremorstones (2/2)
 Y - a lightning rod (4/4)
 Z - a phial of floods


   Skills:
 O Level 27 Fighting
 - Level 24.2 Polearms
 - Level 12.0 Throwing
 * Level 23.9 Dodging
 - Level 8.1 Stealth
 - Level 15.0 Evocations


You had 25 spell levels left.
You didn't know any spells.
Your spell library was empty.

Dungeon Overview and Level Annotations

Branches:
Dungeon (15/15)            Temple (1/1) D:7            Lair (5/5) D:10
  Swamp (4/4) Lair:3       Spider (4/4) Lair:3        Slime (5/5) Lair:4
    Orc (2/2) D:10            Elf (3/3) Orc:2        Vaults (4/5) D:14
  Crypt (3/3) Vaults:2       Tomb (0/3) Crypt:3      Depths (4/4) D:15
    Zot (5/5) Depths:4      Sewer (visited)         Ossuary (visited)
 WizLab (visited)         Desolation (visited)      Gauntlet (visited)

Altars:
Ashenzari
Cheibriados
Dithmenos
Elyvilon
Fedhas
Gozag
Hepliaklqana
Kikubaaqudgha
Makhleb
Nemelex Xobeh
Okawaru
Qazlal
Ru
Sif Muna
Trog
Uskayaw
Vehumet
Wu Jian
Xom
Yredelemnul
Zin
The Shining One
Jiyva

Shops:
D:5 [   D:12 [   Orc:2 =!([   Elf:1 =:=?   Elf:2 ([[:   Vaults:1 (   Vaults:3 (
Vaults:4 *   Depths:1 *   Depths:3 !(?(

Portals:
Hell: Depths:1 Depths:2 Depths:3 Depths:4
Abyss: Swamp:3 Depths:2 Depths:3
Pandemonium: Depths:2
Ziggurat: Depths:2

Annotations:
D:12 1 runed translucent door
Swamp:4 3 runed translucent doors, Lernaean hydra; bigduke15's ghost, adept GrEE
Spider:2 Roxanne
Spider:4 Mara
Elf:2 3 runed translucent doors
Vaults:1 exclusion: 2 ice statues
Vaults:2 36 runed doors
Depths:2 2 transporters
Zot:4 1 transporter, 3 runed translucent doors, Zeaxzic Paph's ghost, veteran OgBe


Innate Abilities, Weirdness & Mutations

You can breathe wild blasts of lightning.
Your glossy black scales are hard. (AC +12)
You cannot fit into any form of body armour.
Your large and strong wings let you fly.
You are resistant to electric shocks. (rElec)
You are cold-blooded and may be slowed by cold attacks.
You have a somewhat thin skeletal structure. (Dex +2, Stealth+)
You are dopey. (Int -2)
You are strong-willed. (Will+)
Your muscles are strong. (Str +4, Int/Dex -1)
You are vulnerable to cold. (rC-)
You have hidden genetic defects.


Message History

There is a stone staircase leading down here.
You chop the blizzard demon into pieces!!!
You kill the blizzard demon!
Trog accepts your kill.
There is an open door here.
There is a stone staircase leading up here.
You fly upwards.
There is a stone staircase leading down here.
There is an open door here.
You see here a +0 giant spiked club.
There is a stone staircase leading up here.
You fly upwards.
There is a stone staircase leading down here.
Aiming: Dig
Press: ? - help, Q - select action, (/) - cycle Shift-Dir - straight line A rock wall.
This square is covered in magical glow.
The rock shatters into small pieces.
Aiming: Dig
Press: ? - help, Q - select action, (/) - cycle Shift-Dir - straight line A rock wall.
This square is covered in magical glow.
The rock shatters into small pieces.
There is a stone staircase leading up here.
You fly upwards.
There is a stone staircase leading down here.
You see here a +0 leather armour.
There is a stone staircase leading up here.
You fly upwards.
There is a stone staircase leading down here.
A toenail golem comes into view.
You see here 4 stones.
There is an open door here.
Aiming: Dig
Press: ? - help, Q - select action, (/) - cycle Shift-Dir - straight line You can't see that place. [a rock wall.]
The rock shatters into small pieces.
There is a staircase leading out of the dungeon here.
You have escaped!

##.........## #.....
##.....#.....## #.....
##.....###.....## #.....
##.....#####.....## #.....
##.....#.....#.....########
##..)..###...###.....##
##.....#####.#####.....## ###
##.....#...........#.....###..
#.....###....@...9###...9...##
####....#####.......#####....###
..##...#.....#.....#.....#...#
#.##..###...###...###...###..#
#.##.#####.#####.#####.#####.#
#............................#
###..............#############
################


You could see a toenail golem.

Vanquished Creatures
  2 dread liches (Zot:5)
  Tiamat (Zot:1)
  An orb of fire (Zot:5)
  2 ancient liches (Zot:5)
  Sojobo (Depths:4)
  3 Killer Klowns (Zot:5)
  Bai Suzhen (Spider:4)
  Margery (Depths:4)
  Vv (Crypt:2)
  Xtahua (Depths:4)
  A curse toe (Zot:1)
  Nikola (Vaults:3)
  the Enchantress (Depths:1)
  9 golden dragons
  Arachne (Spider:2)
  A bone dragon (Depths:4)
  A doom hound (Depths:3)
  4 electric golems
  9 tentacled monstrosities
  20 Orb Guardians (Zot:5)
  Zenata (Crypt:3)
  Grunn (Depths:3)
  A Hell Sentinel (Zot:3)
  Asterion (Depths:1)
  Jorgrun (Spider:3)
  8 quicksilver dragons
  A titan (Depths:3)
  2 deep elf blademasters (Elf:3)
  A lich (Depths:2)
  A deep elf master archer (Elf:3)
  13 acid blobs
  7 ancient champions
  Kirke (Lair:4)
  9 death cobs
  Gastronok (Lair:2)
  2 sphinxes
  The ghost of Pileu the Eclecticist, an adept DsFE of Sif Muna (Vaults:4)
  A tentacled starspawn (Swamp:3)
  8 shadow dragons
  3 tengu reavers (Depths:4)
  2 draconian monks (Zot:1)
  A thorn hunter (Swamp:3)
  9 storm dragons
  11 azure jellies
  The ghost of TheSexyCheese the Thaumaturge, an adept GnFE of Sif Muna (Swamp:3)
  3 draconian knights
  8 rockslimes
  5 frost giants
  2 revenants
  Louise (D:14)
  7 deep elf sorcerers
  A balrug (Depths:3)
  10 draconian scorchers
  3 fire giants
  2 iron dragons
  11 vault wardens
  7 ghost moths
  5 emperor scorpions
  8 ghouls
  Aizul (Spider:3)
  An orc warlord (Vaults:3)
  A deep elf elementalist (Elf:3)
  11 draconian annihilators
  24 very ugly things
  A broodmother (Spider:2)
  6 curse skulls
  6 draconian shifters
  A cacodemon (Depths:2)
  13 ironbound preservers
  4 draconian stormcallers
  3 spriggan defenders (Depths:1)
  4 stone giants
  7 quicksilver oozes
  11 vampire knights
  9 ironbound thunderhulks
  Nessos (D:13)
  9 black draconians
  17 purple draconians
  3 eleionomae (Swamp:2)
  18 green draconians
  13 white draconians
  7 deep elf annihilators (Elf:3)
  5 deep elf demonologists
  6 dire elephants
  5 spark wasps
  7 red draconians
  A starcursed mass (Swamp:3)
  A minotaur (Gauntlet)
  A bunyip (Swamp:4)
  9 yellow draconians
  3 eidola
  A blizzard demon (D:5)
  7 deep elf death magi
  3 green deaths
  2 crystal guardians (Vaults:3)
  6 ettins
  2 mummy priests (Crypt:3)
  17 yaktaur captains
  9 jiangshi
  2 deep elf high priests
  A ragged hierophant (Desolation)
  9 fire dragons
  Fannar (Lair:1)
  The ghost of TheSexyCheese the Thaumaturge, a journeyman GnFE of Vehumet (D:9)
  4 entropy weavers
  7 great orbs of eyes
  2 peacekeepers
  4 ghost crabs
  6 vault guards
  6 ice dragons
  2 rakshasas
  A radroach (Spider:1)
  3 spriggan air magi
  4 ogre magi
  19 hydras
  8 boulder beetles
  A jorogumo (Spider:2)
  3 catoblepae
  2 death knights
  8 ironbound frosthearts
  9 centaur warriors
  12 dancing weapons
  2 tengu warriors
  4 vampire magi
  7 death scarabs (Spider:4)
  7 alligators
  A hell hog (Swamp:3)
  2 spriggan berserkers
  7 two-headed ogres
  6 deep troll earth magi
  6 deep troll shamans
  2 thrashing horrors (Swamp:3)
  A sun demon (Depths:3)
  3 shock serpents (Vaults:1)
  Sonja (Lair:2)
  4 soul eaters
  A wretched star (Swamp:3)
  7 deep elf knights
  A titan skeleton (Crypt:3)
  Nergalle (Lair:2)
  9 hell knights
  10 spriggans
  9 iron trolls
  A fire crab (Vaults:1)
  Amaemon (Lair:3)
  5 pharaoh ants
  3 goliath frogs
  A cherub (Zot:1)
  2 shadow wraiths
  26 skeletal warriors
  A deep troll (shapeshifter) (Vaults:4)
  4 spriggan druids
  4 glowing orange brains
  70 deep trolls
  7 swamp dragons
  A spectral jorogumo (Spider:4)
  10 ironbound convokers
  4 flayed ghosts
  A shadow dragon zombie (Vaults:4)
  9 bog bodies
  A lindwurm (shapeshifter) (D:12)
  7 orb spiders
  9 phantasmal warriors
  A tengu zombie (Vaults:4)
  5 deep elf archers
  6 lindwurms
  10 steelbarb worms
  27 deep elf pyromancers
  A fire giant zombie (Vaults:4)
  7 necromancers
  3 spectral wolf spiders (Spider:4)
  13 deep elf zephyrmancers
  6 wizards
  A goliath frog zombie (Crypt:2)
  An iron dragon zombie (Crypt:3)
  30 ugly things
  An orc sorcerer (Orc:2)
  18 wolf spiders
  6 manticores
  A shining eye (shapeshifter) (Depths:3)
  6 orc knights
  2 will-o-the-wisps
  4 worldbinders
  A glowing shapeshifter (Vaults:2)
  A manticore (shapeshifter) (D:12)
  7 cyclopes
  4 shining eyes
  4 elephants (Lair:5)
  5 black mambas
  26 moths of wrath
  7 eyes of devastation
  2 molten gargoyles (Vaults:1)
  14 vault sentinels
  81 slime creatures
  8 demonic crawlers
  A smoke demon (Depths:3)
  4 orange demons
  A cane toad (shapeshifter) (D:13)
  3 gargoyles
  2 naga magi (Vaults:1)
  4 torpor snails
  A catoblepas zombie (Crypt:1)
  An alligator snapping turtle zombie (Crypt:3)
  A yaktaur zombie (Vaults:4)
  13 cane toads
  2 unseen horrors
  A kobold demonologist (D:10)
  4 freezing wraiths
  6 rime drakes
  13 komodo dragons
  30 yaktaurs
  A spectral redback (Spider:4)
  14 guardian mummies
  A red devil (Depths:2)
  3 efreet
  2 ice devils (Depths:2)
  A redback zombie (Spider:4)
  6 meliai
  A yellow draconian skeleton (Crypt:2)
  A mana viper zombie (Crypt:3)
  4 tengu conjurers
  A tormentor (D:13)
  2 polar bears
  12 tyrant leeches
  2 bloated husks (Swamp:3)
  A death drake zombie (Crypt:1)
  5 trolls
  Grinder (D:3)
  5 blink frogs
  Prince Ribbit (D:5)
  4 saltlings
  8 hornets
  A tengu simulacrum (Vaults:4)
  2 raiju
  A culicivora zombie (Spider:4)
  A spectral culicivora (Spider:4)
  32 tarantellas
  2 jumping spider zombies (Spider:4)
  An ettin zombie (Crypt:2)
  3 spectral jumping spiders (Spider:4)
  26 flying skulls
  25 jumping spiders
  A centaur simulacrum (D:12)
  7 air elementals
  3 water elementals
  Sigmund (D:2)
  A spriggan (shapeshifter) (Elf:1)
  2 ushabtiu (Crypt:3)
  7 shadows
  4 wyverns
  44 yaks
  28 culicivoras
  A human (shapeshifter) (D:15)
  35 redbacks
  2 golden eyes (Slime:2)
  12 wraiths
  A chaos spawn (Depths:2)
  A neqoxec (Depths:2)
  3 hogs (Lair:4)
  21 humans
  7 fire elementals
  A redback (shapeshifter) (Depths:3)
  3 steam dragons
  4 basilisks
  Edmund (D:4)
  A warg (Orc:2)
  Menkaure (D:7)
  29 vampire mosquitoes
  A harpy simulacrum (Vaults:1)
  A deep troll zombie (Crypt:2)
  3 acid dragons
  2 hydra simulacra (Vaults:1)
  11 swamp worms
  12 water moccasins
  A sky beast (Vaults:1)
  6 swamp drakes
  2 floating eyes (Slime:2)
  A two-headed ogre skeleton (Crypt:1)
  A glowing shapeshifter skeleton (Vaults:4)
  39 orc warriors
  An ice beast (D:6)
  A large abomination (Swamp:4)
  3 black bears
  A black mamba simulacrum (Vaults:1)
  6 ogres
  3 boggarts
  A manticore zombie (Crypt:1)
  11 wolves
  13 centaurs
  A swamp dragon skeleton (Crypt:3)
  A fire crab zombie (Crypt:1)
  2 elf zombies (Ossuary)
  11 bullfrogs
  A kobold brigand (D:10)
  5 scorpions
  6 necrophages
  2 gnoll sergeants
  5 wights (D:10)
  A raiju zombie (Crypt:1)
  A water moccasin skeleton (Crypt:3)
  5 killer bees
  3 elephant simulacra (Vaults:1)
  A spriggan zombie (Crypt:2)
  8 electric eels
  3 howler monkeys
  A raiju skeleton (Crypt:1)
  A centaur zombie (Ossuary)
  2 lava snakes (Vaults:1)
  A crimson imp (D:12)
  A hound (D:7)
  4 human zombies
  24 jellies
  Crazy Yiuf (D:7)
  23 orc priests
  A gnoll bouda (D:6)
  2 black bear skeletons
  5 iguanas
  Ijyb (D:5)
  16 orc wizards
  4 lightning spires (Vaults:1)
  A naga zombie (Crypt:1)
  18 mummies
  15 gnolls
  A naga simulacrum (Vaults:1)
  13 river rats
  8 adders
  A steam dragon skeleton (Crypt:3)
  2 shadow imps
  A white imp (D:12)
  2 ufetubi
  3 adder zombies (Ossuary)
  5 worms
  3 dart slugs
  74 orcs
  6 bats
  9 endoplasms
  4 giant cockroaches
  3 gnoll zombies (Ossuary)
  8 goblins
  8 hobgoblins
  4 jackals (D:4)
  10 quokkas
  10 ball pythons
  3 frilled lizards
  2 goblin zombies (Ossuary)
  2 hobgoblin zombies (Ossuary)
  A jackal skeleton (Crypt:1)
  5 jackal zombies
  11 kobolds
  6 kobold zombies (Ossuary)
  2 orc zombies (Ossuary)
  2 quokka zombies (Ossuary)
  29 rats
  5 rat zombies (Ossuary)
  A river rat skeleton (Crypt:2)
  A briar patch (Swamp:3)
2181 creatures vanquished.

Vanquished Creatures (collateral kills)
  the Royal Jelly (Slime:5)
  2 doom hounds (Depths:3)
  2 Orb Guardians (Zot:5)
  A deep elf master archer (Elf:3)
  Agnes (Spider:3)
  Frances (D:14)
  2 azure jellies (Slime:5)
  A vault warden (Vaults:3)
  A stone giant (Depths:3)
  2 ironbound preservers
  An ironbound thunderhulk (Vaults:3)
  A green draconian (Zot:5)
  3 deep elf demonologists
  2 deep elf annihilators (Elf:3)
  A red draconian (Zot:5)
  2 dire elephants (Vaults:1)
  A deep elf death mage (Elf:3)
  3 jiangshi (Crypt:2)
  A great orb of eyes (Slime:5)
  2 vault guards (Vaults:3)
  A hydra (Swamp:1)
  A spriggan air mage (Depths:1)
  A boulder beetle (Spider:3)
  2 deep troll shamans (Depths:3)
  An alligator (Swamp:1)
  A deep troll earth mage (Depths:3)
  A deep elf knight (Elf:2)
  3 skeletal warriors
  4 deep trolls
  A lindwurm (Lair:2)
  2 ironbound convokers
  A stone giant zombie (Crypt:2)
  A wolf spider (Spider:3)
  A cyclops (D:14)
  A moth of wrath (Spider:3)
  A titan simulacrum (Crypt:2)
  A troll (D:10)
  6 dream sheep (Lair:2)
  3 slime creatures (Slime:5)
  2 swamp worms (Swamp:1)
  2 acid dragons
  An ettin simulacrum (Crypt:2)
  A bullfrog (Lair:2)
  A gnoll sergeant (D:10)
  A wight (D:10)
  A water moccasin skeleton (Crypt:2)
  A troll skeleton (Crypt:2)
74 creatures vanquished.

Vanquished Creatures (others)
  A frost giant (Depths:2)
  A draconian knight (Zot:4)
  2 deep elf sorcerers (Elf:3)
  A fire giant (Depths:2)
  A ghoul (Crypt:2)
  2 deep elf elementalists (Elf:3)
  A red draconian (Zot:5)
  A deep elf knight (Elf:2)
  A goliath frog (Swamp:3)
  A wizard (Vaults:1)
  A necromancer (Depths:4)
  A wolf spider (Spider:1)
  A deep elf pyromancer (D:14)
  An ugly thing (Depths:2)
  A slime creature (Slime:2)
  A bloated husk (Swamp:3)
  A tarantella (Spider:3)
  A jumping spider (Spider:3)
  An orc wizard (D:10)
  A ball lightning (Vaults:1)
  4 foxfires (Swamp:2)
  24 fungi
  129 plants
  2 starspawn tentacles (Swamp:3)
181 creatures vanquished.

Grand Total: 2436 creatures vanquished

Notes
Turn   | Place    | Note
-------+----------+-------------------------------------------
     0 | D:1      | CornPuffBuddha the Draconian Berserker began the quest for
                  | the Orb.
     0 | D:1      | Reached XP level 1. HP: 19/19 MP: 1/1
   209 | D:1      | Reached XP level 2. HP: 26/26 MP: 2/2
   448 | D:1      | Reached ** piety under Trog
   802 | D:2      | Reached XP level 3. HP: 17/31 MP: 3/3
   929 | D:2      | Identified the +2 leather armour of Yppyomn {MP+9 Str+6
                  | Dex-4 Stlth+}
  1227 | D:2      | Noticed Sigmund
  1247 | D:2      | Killed Sigmund
  1248 | D:2      | Reached XP level 4. HP: 37/38 MP: 4/4
  1248 | D:2      | Reached XP level 5. HP: 44/45 MP: 5/5
  1805 | D:3      | Noticed a centaur
  1812 | D:3      | Killed a centaur
  1813 | D:3      | Reached XP level 6. HP: 37/51 MP: 6/6
  1921 | D:3      | Noticed Grinder
  1932 | D:3      | Killed Grinder
  2070 | D:3      | Your scales start taking on a glossy black colour.
  2070 | D:3      | Reached XP level 7. HP: 57/57 MP: 7/7
  2070 | D:3      | Gained mutation: You are resistant to electric shocks.
                  | (rElec) [Black Draconian growth]
  2113 | D:3      | Found a faded altar of an unknown god.
  2168 | D:3      | Reached *** piety under Trog
  2670 | D:4      | Noticed Edmund
  2679 | D:4      | Killed Edmund
  2805 | D:4      | Found a glowing drain.
  2826 | Sewer    | Entered a sewer
  3057 | Sewer    | Reached XP level 8. HP: 63/63 MP: 8/8
  3365 | D:4      | Reached skill level 10 in Polearms
  3707 | D:5      | Entered Level 5 of the Dungeon
  3739 | D:5      | Reached **** piety under Trog
  3983 | D:5      | Noticed Ijyb
  3990 | D:5      | Killed Ijyb
  4064 | D:5      | Noticed Prince Ribbit
  4077 | D:5      | Killed Prince Ribbit
  4447 | D:5      | Found a shimmering blue altar of Sif Muna.
  4465 | D:5      | Found Tumik's Antique Armour Boutique.
  4788 | D:6      | Reached ***** piety under Trog
  4794 | D:6      | Reached XP level 9. HP: 70/70 MP: 9/9
  4856 | D:6      | Found a shimmering altar of Xom.
  5995 | D:7      | Found a runed translucent door.
  5996 | D:7      | Noticed Crazy Yiuf
  6095 | D:7      | Found a sand-covered staircase.
  6111 | Ossuary  | Entered an ossuary
  6346 | Ossuary  | Received a gift from Trog
  6502 | D:7      | Found a staircase to the Ecumenical Temple.
  6539 | Temple   | Entered the Ecumenical Temple
  6748 | D:7      | Noticed Menkaure
  6752 | D:7      | Killed Menkaure
  7142 | D:7      | Killed Crazy Yiuf
  7766 | D:8      | Found an iron altar of Okawaru.
  7794 | D:8      | Reached XP level 10. HP: 44/77 MP: 10/10
  8451 | D:9      | Reached skill level 15 in Polearms
  8654 | D:9      | Found a runed translucent gate.
  8654 | D:9      | Found a runed translucent gate.
  8659 | D:9      | Found a runed translucent gate.
  8665 | D:9      | Noticed TheSexyCheese's ghost (journeyman GnFE)
  8682 | D:9      | Found a burning altar of Makhleb.
  8682 | D:9      | Noticed an Executioner
  8739 | D:9      | Reached skill level 4 in Fighting
  8779 | D:9      | Paralysed by a hornet for 2 turns
  9279 | D:10     | Entered Level 10 of the Dungeon
  9355 | D:10     | Found a staircase to the Orcish Mines.
  9398 | D:10     | Noticed a two-headed ogre
  9398 | D:10     | Noticed a two-headed ogre
  9413 | D:10     | Killed a two-headed ogre
  9414 | D:10     | Reached skill level 5 in Fighting
  9415 | D:10     | Killed a two-headed ogre
  9416 | D:10     | Reached skill level 6 in Fighting
  9436 | D:10     | Reached skill level 7 in Fighting
  9451 | D:10     | HP: 4/83 [gnoll sergeant/+2 spear of venom (11)]
  9454 | D:10     | Reached XP level 11. HP: 10/91 MP: 11/11
  9551 | D:10     | Noticed an ogre mage
  9829 | D:10     | Found a staircase to the Lair.
  9838 | D:10     | Reached skill level 8 in Fighting
  9838 | D:10     | Reached skill level 5 in Dodging
 10140 | D:10     | Killed an ogre mage
 10141 | D:10     | Reached skill level 9 in Fighting
 10735 | D:10     | Found a stormy altar of Qazlal.
 10739 | D:10     | Found a radiant altar of Vehumet.
 10841 | D:11     | Identified the +4 glaive of Arbitration {heavy, rC+ rCorr
                  | Dex+5} (Trog gifted it to you on level 11 of the Dungeon)
 10841 | D:11     | Received a gift from Trog
 10913 | D:11     | Noticed a boulder beetle
 10931 | D:11     | Killed a boulder beetle
 11529 | Lair:1   | Entered Level 1 of the Lair of Beasts
 11582 | Lair:1   | Reached skill level 10 in Fighting
 12123 | Lair:2   | Reached XP level 12. HP: 49/108 MP: 12/12
 12266 | Lair:2   | Noticed Sonja
 12266 | Lair:2   | Noticed a boulder beetle
 12444 | Lair:2   | Reached skill level 11 in Fighting
 12494 | Lair:2   | Noticed Gastronok
 12506 | Lair:2   | Killed Gastronok
 12605 | Lair:2   | Noticed Nergalle
 12681 | Lair:2   | Noticed Fannar
 12693 | Lair:1   | Killed Fannar
 12694 | Lair:1   | Reached skill level 12 in Fighting
 12750 | Lair:1   | Killed a boulder beetle
 13081 | Lair:2   | Killed Sonja
 13204 | Lair:2   | Identified the +1 scale mail of the Guilds {Str+5}
 13286 | Lair:2   | Killed Nergalle
 13485 | Lair:3   | Noticed a seven-headed hydra
 13496 | Lair:3   | Upgraded the game from 0.30-a0-996-ga6910c8ee8 to
                  | 0.30-a0-1008-g30c9307041
 13517 | Lair:3   | Killed a seven-headed hydra
 13522 | Lair:3   | Noticed a catoblepas
 13549 | Lair:3   | Killed a catoblepas
 13589 | Lair:3   | Reached XP level 13. HP: 53/117 MP: 13/13
 13606 | Lair:3   | Found a hole to the Spider Nest.
 13772 | Lair:3   | Found a staircase to the Swamp.
 13782 | Lair:3   | Identified a scroll of acquirement
 13789 | Lair:3   | Acquired a ring of protection from fire
 13816 | Lair:3   | Noticed Amaemon
 13826 | Lair:3   | Killed Amaemon
 14467 | Lair:4   | Reached skill level 1 in Evocations
 14556 | Lair:4   | Found a staircase to the Slime Pits.
 14556 | Lair:4   | Found a viscous altar of Jiyva.
 14652 | Lair:4   | Noticed Kirke
 14666 | Lair:4   | Killed Kirke
 15131 | Lair:5   | Entered Level 5 of the Lair of Beasts
 15173 | Lair:5   | Received a gift from Trog
 15329 | Lair:5   | Reached skill level 13 in Fighting
 15796 | Lair:5   | Gained mutation: Your large and strong wings let you fly.
                  | [Black Draconian growth]
 15796 | Lair:5   | Reached XP level 14. HP: 125/130 MP: 14/14
 16122 | Lair:5   | Reached skill level 14 in Fighting
 16127 | Lair:5   | Reached skill level 10 in Dodging
 16205 | Lair:5   | Identified the +5 ring mail of Sunlight {Int+4 Dex+3}
 16878 | D:12     | Reached skill level 5 in Evocations
 16881 | D:12     | Identified the +12 bardiche of Fortitude {flame, +Blink}
                  | (Trog gifted it to you on level 12 of the Dungeon)
 16881 | D:12     | Received a gift from Trog
 16904 | D:12     | Found a runed translucent door.
 16972 | D:12     | Identified the +9 great sword of Plunder {heavy, *Noise
                  | rElec rPois rF+}
 16978 | D:12     | Identified the ring of the Thoughtful Heavens {rN+ Will+
                  | AC+4 Int-4}
 17071 | D:12     | Identified the staff of air "Virah" {rElec Will+ Dex+3}
 17649 | D:12     | Found Zickatwo's Armour Emporium.
 17695 | D:12     | Reached skill level 15 in Fighting
 17921 | D:13     | Noticed Nessos
 17947 | D:13     | Killed Nessos
 18860 | D:14     | Noticed Frances
 18870 | D:14     | Killed Frances
 18873 | D:14     | Noticed Louise
 18895 | D:14     | Killed Louise
 18944 | D:14     | Found a gate leading to a gauntlet.
 18953 | Gauntlet | Entered a Gauntlet
 18953 | Gauntlet | Found a transporter.
 18953 | Gauntlet | Found a transporter.
 18953 | Gauntlet | Found a transporter.
 18965 | Gauntlet | Found a transporter.
 18968 | Gauntlet | Found a transporter.
 18988 | Gauntlet | Found a transporter.
 19047 | Gauntlet | Found a transporter.
 19053 | Gauntlet | Found a transporter.
 19078 | Gauntlet | Found a transporter.
 19081 | Gauntlet | Found a transporter.
 19163 | Gauntlet | Reached XP level 15. HP: 141/141 MP: 15/15
 20075 | D:14     | Found a gate to the Vaults.
 20168 | D:15     | Entered Level 15 of the Dungeon
 20209 | D:15     | Found a sparkling altar of Nemelex Xobeh.
 20606 | D:15     | Received a gift from Trog
 20790 | D:15     | Found a staircase to the Depths.
 21296 | Orc:1    | Entered Level 1 of the Orcish Mines
 21556 | Orc:2    | Entered Level 2 of the Orcish Mines
 21591 | Orc:2    | Found a staircase to the Elven Halls.
 21889 | Orc:2    | Found Diples's Distillery.
 21889 | Orc:2    | Found Inuriez's Weapon Boutique.
 21889 | Orc:2    | Found Ceenest's Armour Shop.
 21892 | Orc:2    | Found Ucri Uqahorgh's Jewellery Emporium.
 21908 | Orc:2    | Bought a potion of haste for 130 gold pieces
 21908 | Orc:2    | Bought a potion of haste for 130 gold pieces
 21908 | Orc:2    | Bought a potion of curing for 39 gold pieces
 21908 | Orc:2    | Bought a potion of heal wounds for 65 gold pieces
 21908 | Orc:2    | Bought a potion of heal wounds for 65 gold pieces
 21908 | Orc:2    | Bought a potion of berserk rage for 65 gold pieces
 21913 | Orc:2    | Bought a +6 ring of strength for 504 gold pieces
 21919 | Orc:2    | Bought a +1 pair of gloves of stealth for 264 gold pieces
 22487 | Orc:1    | Received a gift from Trog
 22920 | D:9      | Killed TheSexyCheese's ghost
 23090 | Swamp:1  | Entered Level 1 of the Swamp
 23221 | Swamp:1  | Reached skill level 16 in Fighting
 23243 | Swamp:1  | Reached XP level 16. HP: 148/151 MP: 16/16
 24019 | Orc:2    | Bought a ring of poison resistance for 280 gold pieces
 24543 | Swamp:2  | Reached skill level 1 in Stealth
 25045 | Swamp:3  | Found a transporter.
 25051 | Swamp:3  | Found a one-way gate to the infinite horrors of the Abyss.
 25051 | Swamp:3  | Noticed TheSexyCheese's ghost (adept GnFE)
 25094 | Swamp:3  | Reached skill level 17 in Fighting
 25118 | Swamp:3  | Received a gift from Trog
 25262 | Swamp:3  | Found a transporter.
 25273 | Swamp:3  | Noticed a tentacled starspawn
 25432 | Swamp:3  | Noticed a thorn hunter
 25443 | Swamp:3  | Killed a thorn hunter
 25593 | Swamp:4  | Entered Level 4 of the Swamp
 25911 | Swamp:4  | Found a runed translucent gate.
 25912 | Swamp:4  | Found a runed translucent gate.
 25912 | Swamp:4  | Found a runed translucent gate.
 25917 | Swamp:4  | Noticed bigduke15's ghost (adept GrEE)
 26472 | Swamp:4  | Reached XP level 17. HP: 121/163 MP: 17/17
 26552 | Swamp:4  | Noticed the 27-headed Lernaean hydra
 26777 | Spider:1 | Entered Level 1 of the Spider Nest
 26795 | Lair:3   | Received a gift from Trog
 26797 | Lair:3   | Reached skill level 18 in Fighting
 26988 | Spider:1 | Reached skill level 5 in Stealth
 27149 | Spider:1 | Reached skill level 15 in Dodging
 27508 | Spider:2 | Identified Roxanne's Papyrus of the Switch
 27508 | Spider:2 | Noticed Roxanne
 27852 | Spider:2 | Noticed Arachne
 27870 | Spider:2 | Killed Arachne
 28249 | Spider:2 | Received a gift from Trog
 28672 | Spider:3 | Noticed Jorgrun
 28684 | Spider:3 | Noticed Aizul
 28686 | Spider:3 | Killed Jorgrun
 28983 | Spider:2 | Reached skill level 19 in Fighting
 29146 | Spider:3 | Killed Aizul
 29156 | Spider:3 | Noticed Agnes
 29566 | Spider:3 | Killed Agnes
 29885 | Spider:3 | Received a gift from Trog
 30147 | Spider:4 | Entered Level 4 of the Spider Nest
 30479 | Spider:4 | Noticed Mara
 30552 | Spider:4 | Reached XP level 18. HP: 176/176 MP: 0/18
 30879 | Spider:4 | Noticed Bai Suzhen
 30905 | Spider:4 | Killed Bai Suzhen
 31367 | Spider:4 | Reached skill level 20 in Fighting
 31433 | Spider:4 | Got a gossamer rune of Zot
 31941 | Elf:1    | Entered Level 1 of the Elven Halls
 32053 | Elf:1    | Found Yleho's Jewellery Boutique.
 32056 | Elf:1    | Found Husyinol's Book Shoppe.
 32057 | Elf:1    | Found Vaawuvit's Jewellery Boutique.
 32396 | Elf:1    | Identified the +2 halberd of Insomnia {heavy, rElec rPois
                  | Str-4} (Trog gifted it to you on level 1 of the Elven
                  | Halls)
 32396 | Elf:1    | Received a gift from Trog
 32401 | Elf:1    | Noticed an Ice Fiend
 32641 | Elf:1    | Found Ikhleacagg's Magic Scroll Shoppe.
 32665 | Elf:1    | Bought a scroll of magic mapping for 112 gold pieces
 32665 | Elf:1    | Bought a scroll of silence for 142 gold pieces
 32665 | Elf:1    | Bought a scroll of teleportation for 45 gold pieces
 33272 | Elf:2    | Identified the +0 hat "Nirchio" {rElec Int+4}
 33385 | Elf:2    | Found Emaoh's Armour Boutique.
 33388 | Elf:2    | Found Kyirr's Book Boutique.
 33388 | Elf:2    | Found Qywom's Antique Weapon Boutique.
 33406 | Elf:2    | Found Doixkur's Armour Boutique.
 33575 | Elf:2    | Found a runed translucent gate.
 33578 | Elf:2    | Found a runed translucent gate.
 33579 | Elf:2    | Found a runed translucent gate.
 33587 | Elf:2    | Found an ancient bone altar of Kikubaaqudgha.
 33639 | Elf:2    | Acquired 949 gold pieces
 33961 | Elf:3    | Entered Level 3 of the Elven Halls
 34168 | Elf:3    | Paralysed by an air elemental for 1 turns
 34319 | Elf:3    | Noticed a Brimstone Fiend
 34411 | Elf:3    | Reached XP level 19. HP: 107/185 MP: 19/19
 34583 | Elf:3    | Identified the +1 dagger of Awkwardness {elec, rPois}
 34589 | Elf:3    | Identified the +9 rapier of Laruggow {protect, rC- Dex+3
                  | SInv}
 34589 | Elf:3    | Identified the amulet of Movy Lur {Regen+ Int+3}
 34594 | Elf:3    | Identified the ring of Ezewoveteot {Will+ Str-5 Dex+2
                  | Slay+5 Stlth+}
 35001 | Elf:3    | Identified the +3 helmet of the Vestibule of Hell {MP+9}
 35016 | Elf:3    | Identified the staff of poison "Isauteps" {rPois rF+
                  | Stlth+}
 35287 | Elf:3    | Paralysed by an air elemental for 1 turns
 36116 | Vaults:1 | Entered Level 1 of the Vaults
 36137 | Vaults:1 | Reached skill level 10 in Evocations
 37158 | Vaults:1 | Found Rompebagh's Weapon Shop.
 37708 | Vaults:1 | Received a gift from Trog
 38279 | Vaults:2 | Reached XP level 20. HP: 193/193 MP: 20/20
 38592 | Vaults:2 | Found a huge runed gate.
 38592 | Vaults:2 | Found a huge runed gate.
 38592 | Vaults:2 | Found a huge runed gate.
 38592 | Vaults:2 | Found a huge runed gate.
 38592 | Vaults:2 | Found a huge runed gate.
 38592 | Vaults:2 | Found a huge runed gate.
 38592 | Vaults:2 | Found a huge runed gate.
 38592 | Vaults:2 | Found a huge runed gate.
 38594 | Vaults:2 | Found a huge runed gate.
 38594 | Vaults:2 | Found a huge runed gate.
 38594 | Vaults:2 | Found a huge runed gate.
 38595 | Vaults:2 | Found a huge runed gate.
 38596 | Vaults:2 | Found a huge runed gate.
 38598 | Vaults:2 | Found a huge runed gate.
 38598 | Vaults:2 | Found a huge runed gate.
 38598 | Vaults:2 | Found a huge runed gate.
 38599 | Vaults:2 | Found a huge runed gate.
 38600 | Vaults:2 | Found a huge runed gate.
 38628 | Vaults:2 | Found a huge runed gate.
 38628 | Vaults:2 | Found a huge runed gate.
 38628 | Vaults:2 | Found a huge runed gate.
 38628 | Vaults:2 | Found a huge runed gate.
 38628 | Vaults:2 | Found a huge runed gate.
 38628 | Vaults:2 | Found a huge runed gate.
 38629 | Vaults:2 | Found a huge runed gate.
 38630 | Vaults:2 | Found a huge runed gate.
 38631 | Vaults:2 | Found a huge runed gate.
 38639 | Vaults:2 | Found a huge runed gate.
 38639 | Vaults:2 | Found a huge runed gate.
 38639 | Vaults:2 | Found a huge runed gate.
 38639 | Vaults:2 | Found a huge runed gate.
 38639 | Vaults:2 | Found a huge runed gate.
 38639 | Vaults:2 | Found a huge runed gate.
 38640 | Vaults:2 | Found a huge runed gate.
 38641 | Vaults:2 | Found a huge runed gate.
 38642 | Vaults:2 | Found a huge runed gate.
 38779 | Vaults:2 | Found a staircase to the Crypt.
 38779 | Vaults:2 | Found an ancient bone altar of Kikubaaqudgha.
 38780 | Vaults:2 | Found a basalt altar of Yredelemnul.
 38896 | Vaults:2 | Received a gift from Trog
 39408 | Vaults:2 | Reached skill level 1 in Throwing
 40318 | Vaults:3 | Found Mixuruclao's Antique Weapon Shop.
 40680 | Vaults:3 | Reached skill level 5 in Throwing
 40955 | Vaults:3 | Found a crumbling gateway.
 40964 | Desolati | Entered the Desolation of Salt
 41600 | Vaults:3 | Received a gift from Trog
 41602 | Vaults:3 | Reached skill level 21 in Fighting
 41649 | Vaults:3 | Noticed Nikola
 41666 | Vaults:3 | Killed Nikola
 41804 | Vaults:4 | Found Xamui's Assorted Antiques.
 41833 | Vaults:4 | Bought a potion of haste for 310 gold pieces
 42075 | Vaults:4 | Found a runed translucent gate.
 42075 | Vaults:4 | Found a runed translucent gate.
 42075 | Vaults:4 | Found a runed translucent gate.
 42075 | Vaults:4 | Found the +3 hat of Pondering {ponderous, Will+ MP+10
                  | Int+5}
 42076 | Vaults:4 | Noticed Pileu's ghost (adept DsFE)
 42092 | Vaults:4 | Killed Pileu's ghost
 42226 | Vaults:4 | Reached XP level 21. HP: 125/204 MP: 21/21
 42580 | Vaults:4 | Identified the +12 shortbow of the Freezing Lamprey {heavy,
                  | *Slow Will+ Str+3 Int+6}
 43316 | Crypt:1  | Entered Level 1 of the Crypt
 43639 | Depths:1 | Entered Level 1 of the Depths
 43655 | Depths:1 | Noticed Asterion
 43697 | Depths:1 | Found Coleam's Assorted Antiques.
 43745 | Depths:1 | Bought a potion of invisibility for 280 gold pieces
 43745 | Depths:1 | Bought a wand of roots (4) for 336 gold pieces
 43745 | Depths:1 | Bought a scroll of butterflies for 140 gold pieces
 43745 | Depths:1 | Bought a scroll of teleportation for 105 gold pieces
 43809 | Depths:1 | Noticed the Enchantress
 43818 | Depths:1 | Killed the Enchantress
 44041 | Depths:1 | Killed Asterion
 44136 | Depths:1 | Found a hide-covered altar of Uskayaw.
 44435 | Depths:1 | Found a gateway to Hell.
 44550 | Depths:2 | Found a one-way gateway to a ziggurat.
 44599 | Depths:2 | Found a transporter.
 44687 | Depths:2 | Found a transporter.
 44754 | Depths:2 | Reached skill level 10 in Throwing
 44880 | Depths:2 | Identified the +5 glaive of Etewkerph {antimagic, Str+3}
                  | (Trog gifted it to you on level 2 of the Depths)
 44880 | Depths:2 | Received a gift from Trog
 45156 | Depths:2 | Identified the +2 dagger of Grace {elec, rN+ Will+ Stlth+}
 45366 | Depths:2 | Found a one-way gate leading to the halls of Pandemonium.
 46174 | Depths:3 | Reached skill level 22 in Fighting
 46509 | Depths:3 | Received a gift from Trog
 46540 | Depths:3 | Noticed Grunn
 46555 | Depths:3 | Killed Grunn
 46722 | Depths:3 | Found Gacw's Antique Weapon Shoppe.
 46723 | Depths:3 | Found Gaihojok's Magic Scroll Shoppe.
 46723 | Depths:3 | Found Sir Peh's Antique Weapon Emporium.
 46726 | Depths:3 | Found Kyemp's Distillery.
 46760 | Depths:3 | Bought a potion of curing for 39 gold pieces
 46760 | Depths:3 | Bought 2 potions of haste for 260 gold pieces
 46760 | Depths:3 | Bought a potion of haste for 130 gold pieces
 46760 | Depths:3 | Bought a potion of resistance for 130 gold pieces
 46760 | Depths:3 | Bought a potion of might for 52 gold pieces
 46760 | Depths:3 | Bought a potion of cancellation for 104 gold pieces
 46785 | Depths:3 | Bought 3 scrolls of silence for 484 gold pieces
 46785 | Depths:3 | Bought a scroll of teleportation for 51 gold pieces
 46785 | Depths:3 | Bought a scroll of magic mapping for 127 gold pieces
 46785 | Depths:3 | Bought a scroll of teleportation for 51 gold pieces
 46897 | Depths:3 | HP: 6/207 [poisoned by a green very ugly thing]
 46898 | Depths:3 | HP: 2/207 [poisoned by a green very ugly thing]
 47074 | Depths:3 | Reached XP level 22. HP: 215/215 MP: 22/22
 47169 | Depths:3 | Identified the +7 chain mail "Qumiatodd" {Str+4}
 47643 | Depths:4 | Entered Level 4 of the Depths
 47643 | Depths:4 | Noticed Sojobo
 47706 | Depths:4 | Killed Sojobo
 48111 | Depths:4 | Noticed Xtahua
 48121 | Depths:4 | Killed Xtahua
 48229 | Depths:4 | Noticed a golden dragon
 48300 | Depths:4 | Killed a golden dragon
 48333 | Depths:4 | Found a gate to the Realm of Zot.
 48517 | Depths:4 | Noticed Margery
 48552 | Depths:4 | Killed Margery
 50088 | Crypt:1  | Received a gift from Trog
 50258 | Crypt:1  | Reached skill level 23 in Fighting
 50586 | Crypt:2  | Acquired the +0 pair of fencer's gloves {Riposte Dex+3}
 50586 | Crypt:2  | Found the +0 pair of fencer's gloves {Riposte Dex+3}
 50753 | Crypt:2  | Received a gift from Trog
 51026 | Crypt:2  | Reached skill level 24 in Fighting
 51050 | Crypt:2  | Found a magical portal.
 51059 | WizLab   | Entered Doroklohe's Tomb
 51105 | Crypt:2  | Identified the +5 hand axe of the Shore {freeze, Fly Will-
                  | Dex+3}
 51467 | Crypt:2  | Noticed Vv
 52445 | Slime:1  | Entered Level 1 of the Pits of Slime
 53357 | Slime:2  | Gained mutation: You are dopey. (Int -2) [a shining eye]
 53362 | Slime:2  | Gained mutation: You are clumsy. (Dex -2) [a shining eye]
 53365 | Slime:2  | Gained mutation: You are vulnerable to cold. (rC-) [a
                  | shining eye]
 53386 | Slime:2  | Reached XP level 23. HP: 206/231 MP: 23/23
 53406 | Slime:2  | Gained mutation: Your body sometimes deteriorates upon
                  | taking damage. [a shining eye]
 53587 | Slime:2  | Received a gift from Trog
 54691 | Slime:5  | Entered Level 5 of the Pits of Slime
 54888 | Slime:5  | Gained mutation: You occasionally lose the ability to read
                  | scrolls when taking damage. [a shining eye]
 54895 | Slime:5  | Gained mutation: Your body often deteriorates upon taking
                  | damage. [a shining eye]
 54897 | Slime:5  | Gained mutation: You are partially covered in large bone
                  | plates. (SH +4) [a shining eye]
 54983 | Slime:5  | Noticed the Royal Jelly
 55586 | Slime:5  | Killed the Royal Jelly
 56317 | Slime:5  | Identified the +11 arbalest "Zuir" {heavy, Str+4}
 56395 | Slime:5  | Identified the amulet "Bihadocki" {Spirit Contam Harm rPois
                  | rN++}
 56438 | Slime:5  | Got a slimy rune of Zot
 56439 | Slime:5  | Identified the +1 glaive "Jiuw" {flame, rPois SInv}
 56463 | Slime:5  | Identified the ring "Ryiniacs" {Fire Int+3}
 57373 | Swamp:4  | Got a decaying rune of Zot
 57880 | Zot:1    | Entered Level 1 of the Realm of Zot
 57928 | Zot:1    | Noticed a curse toe
 57929 | Zot:1    | Upgraded the game from 0.30-a0-1008-g30c9307041 to
                  | 0.30-a0-1016-gfb0d676c02
 58427 | Zot:1    | Found the +4 dragonskin cloak
 58427 | Zot:1    | Noticed Tiamat
 60057 | Zot:1    | Reached skill level 25 in Fighting
 60512 | Zot:1    | Killed a curse toe
 61138 | Zot:1    | Identified the +4 broad axe of Terror {heavy, Drain rElec
                  | Int+5}
 61708 | Zot:1    | Killed Tiamat
 62824 | Zot:2    | Reached skill level 26 in Fighting
 63236 | Zot:2    | Reached XP level 24. HP: 211/245 MP: 23/23
 64682 | Zot:3    | Reached skill level 15 in Evocations
 64753 | Zot:3    | Identified the +0 scale mail "Ziusiakh" {*Slow Will++ rCorr
                  | SInv}
 65300 | Zot:3    | Reached skill level 27 in Fighting
 65480 | Zot:3    | Received a gift from Trog
 66761 | Zot:4    | Noticed a dread lich
 66803 | Zot:4    | Noticed a dread lich
 66804 | Zot:4    | Found a radiant altar of Vehumet.
 66808 | Zot:4    | Found a transporter.
 67100 | Zot:4    | Found a runed translucent gate.
 67100 | Zot:4    | Found a runed translucent gate.
 67102 | Zot:4    | Found a runed translucent gate.
 67102 | Zot:4    | Found an ancient bone altar of Kikubaaqudgha.
 67103 | Zot:4    | Noticed an ancient lich
 67103 | Zot:4    | Noticed an ancient lich
 67103 | Zot:4    | Noticed an ancient lich
 67104 | Zot:4    | Noticed Zeaxzic Paph's ghost (veteran OgBe)
 67104 | Zot:4    | Noticed a dread lich
 68452 | Crypt:2  | Killed Vv
 68462 | Crypt:2  | Found the +3 giant club "Skullcrusher" {speed, Str+7}
 68551 | Crypt:3  | Entered Level 3 of the Crypt
 68597 | Crypt:3  | Noticed Zenata
 68610 | Crypt:3  | Killed Zenata
 69134 | Crypt:3  | Found a staircase to the Tomb.
 70146 | Crypt:3  | Noticed a royal mummy
 71150 | Swamp:3  | Killed TheSexyCheese's ghost
 71157 | Swamp:3  | Received a gift from Trog
 71163 | Swamp:3  | Reached XP level 25. HP: 203/254 MP: 23/23
 71350 | Swamp:3  | Reached XP level 26. HP: 266/266 MP: 23/23
 71776 | Depths:3 | Bought a potion of ambrosia for 104 gold pieces
 71776 | Depths:3 | Bought 2 potions of ambrosia for 208 gold pieces
 72481 | Elf:1    | Bought the ring of Nifodwux {Wiz rPois rF+ Str+4 Stlth+}
                  | for 653 gold pieces
 72485 | Elf:1    | Lost mutation: Your body often deteriorates upon taking
                  | damage. [potion of mutation]
 72485 | Elf:1    | Lost mutation: You are partially covered in large bone
                  | plates. (SH +4) [potion of mutation]
 72485 | Elf:1    | Gained mutation: You possess an exceptional clarity of
                  | mind. [potion of mutation]
 72492 | Elf:1    | Lost mutation: You are clumsy. (Dex -2) [potion of
                  | mutation]
 72492 | Elf:1    | Lost mutation: Your body sometimes deteriorates upon taking
                  | damage. [potion of mutation]
 72492 | Elf:1    | Gained mutation: You sometimes lose the ability to read
                  | scrolls when taking damage. [potion of mutation]
 72492 | Elf:1    | Gained mutation: You have a pair of small antennae on your
                  | head. [potion of mutation]
 72492 | Elf:1    | Gained mutation: Your system is resistant to poisons.
                  | (rPois) [potion of mutation]
 72493 | Elf:1    | Lost mutation: Your system is resistant to poisons. (rPois)
                  | [potion of mutation]
 72493 | Elf:1    | Lost mutation: You are dopey. (Int -2) [potion of mutation]
 72493 | Elf:1    | Gained mutation: You are robust. (+10% HP) [potion of
                  | mutation]
 72493 | Elf:1    | Gained mutation: You have a somewhat thin skeletal
                  | structure. (Dex +2, Stealth+) [potion of mutation]
 72494 | Elf:1    | Lost mutation: You are robust. (+10% HP) [potion of
                  | mutation]
 72494 | Elf:1    | Lost mutation: You possess an exceptional clarity of mind.
                  | [potion of mutation]
 72494 | Elf:1    | Lost mutation: You have a pair of small antennae on your
                  | head. [potion of mutation]
 72494 | Elf:1    | Gained mutation: Your body sometimes deteriorates upon
                  | taking damage. [potion of mutation]
 72494 | Elf:1    | Gained mutation: You have hidden genetic defects. [potion
                  | of mutation]
 72494 | Elf:1    | Gained mutation: You are strong-willed. (Will+) [potion of
                  | mutation]
 72495 | Elf:1    | Lost mutation: Your body sometimes deteriorates upon taking
                  | damage. [potion of mutation]
 72495 | Elf:1    | Lost mutation: You sometimes lose the ability to read
                  | scrolls when taking damage. [potion of mutation]
 72495 | Elf:1    | Gained mutation: You are frail. (-10% HP) [potion of
                  | mutation]
 72495 | Elf:1    | Gained mutation: Your muscles are strong. (Str +4, Int/Dex
                  | -1) [potion of mutation]
 72496 | Elf:1    | Lost mutation: You are frail. (-10% HP) [potion of
                  | mutation]
 72496 | Elf:1    | Lost mutation: You occasionally lose the ability to read
                  | scrolls when taking damage. [potion of mutation]
 73080 | Zot:5    | Entered Level 5 of the Realm of Zot
 74239 | Zot:5    | Noticed an ancient lich
 74253 | Zot:5    | Killed an ancient lich
 74293 | Zot:5    | Noticed a dread lich
 74298 | Zot:5    | Noticed an ancient lich
 74301 | Zot:5    | Killed a dread lich
 74304 | Zot:5    | Noticed a dread lich
 74307 | Zot:5    | Killed an ancient lich
 74324 | Zot:5    | Killed a dread lich
 74334 | Zot:5    | Gained mutation: You are dopey. (Int -2) [hidden defects]
 74573 | Zot:5    | Noticed an orb of fire
 74589 | Zot:5    | Killed an orb of fire
 75435 | Zot:5    | Got the Orb of Zot
 75440 | Zot:5    | Noticed an orb of fire
 75559 | Zot:2    | Noticed a seraph
 75991 | D:8      | Noticed Hyremyb the pandemonium lord
 76160 | D:$      | Escaped with the Orb!

Illustrated notes

Levels and vault maps discovered:
D:1:      onia_arrival_pyramid, layout_basic
D:2:      layout_loops_ring, serial_park_tiny_1, uniq_sigmund
D:3:      layout_basic, dreamdust_ecumenical_altar_grove, grunt_ministairs_1,
          uniq_grinder
D:4:      layout_basic, cheibrodos_sewer_entry_bend, uniq_edmund
D:5:      lemuel_ratsnest, layout_basic, mainiacjoe_overflow_paths,
          serial_shops, shop_coins, uniq_ijyb, uniq_prince_ribbit1
D:6:      layout_loops_corners, kennysheep_little_box
D:7:      layout_loops_ring, minmay_temple_entry_glassed_door,
          nicolae_ossuary_entry_monument, amcnicky_mini_pool_small,
          uniq_menkaure, uniq_crazy_yiuf_cottage
D:8:      layout_rooms, okawaru_humans
D:9:      layout_basic, makhleb_altar_promises_db, gammafunk_ghost_spectres
D:10:     layout_loops_ring, nicolae_overflow_hidden_temple,
          david_lair_shrubbed, orc_0_dummy, nzn_random_ring
D:11:     layout_loops_ring
D:12:     minmay_the_grid_triangle_9x9_recursive_3_mashed
          [minmay_the_grid_triangle_9x9_sparse_checkered,
          minmay_the_grid_triangle_9x9_subtriangle,
          minmay_the_grid_triangle_9x9_wacky_v,
          minmay_the_grid_triangle_9x9_prize_center,
          minmay_the_grid_triangle_9x9_steps,
          minmay_the_grid_triangle_9x9_sprig,
          minmay_the_grid_triangle_9x9_zippers_vertical,
          minmay_the_grid_triangle_9x9_impossible_snake,
          minmay_the_grid_triangle_9x9_intruding_spiral], layout_cave_pods,
          serial_shops, shop, minmay_fire_ice_demons
D:13:     layout_stronghold, minmay_misc_feat_tower, uniq_nessos
D:14:     layout_roguey, grunt_vaults_entry_tiered, gauntlet_entry_generic,
          nicolae_cairo_tiling_large, serial_park_tiny_pond,
          columned_hall_lemuel, uniq_frances, uniq_louise
D:15:     gammafunk_enter_depths_forms, layout_long_grid,
          nemelex_lonely_heart_becter, corexii_hall_statues_deadend
Temple:   lightli_temple_of_artemis
Lair:1:   layout_cave_shapes, cheibrodos_lair_caveside_slide
Lair:2:   layout_long_grid, grunt_megastairs_2, serial_bayou_shore_a,
          uniq_nergalle, uniq_fannar, uniq_sonja, uniq_gastronok
Lair:3:   layout_chaotic_city, swamp_mist_pool,
          nicolae_spider_entry_lesser_pyramids, cheibrodos_lair_reptile_den,
          lemuel_fruit_fields, uniq_amaemon
Lair:4:   layout_roguey, minmay_slime_entry_jelly_boxes, lemuel_fruit_tree,
          uniq_kirke
Lair:5:   hangedman_lair_in_review, layout_gridlike, guppyfry_lair_end_dragon
Swamp:1:  layout_basic_swamp, evilmike_swamp_ruin_house_5, swamp_pool3,
          st_swamp_ruins_4, infiniplex_staircase_pool
Swamp:2:  layout_basic_swamp, evilmike_swamp_ruin_house_2,
          nicolae_swamp_bloodsuckers_inc
Swamp:3:  layout_basic_swamp, gammafunk_ghost_abyssal_escape,
          nicolae_swamp_trees_clearing
Swamp:4:  swamp_vile, layout_basic_swamp, ebering_ghost_rock_garden
Spider:1: layout_spider_delve, nicolae_spider_shape
Spider:2: layout_spider_delve, hangedman_spider_tarantella_strand, uniq_roxanne,
          uniq_arachne
Spider:3: layout_spider_delve, nicolae_spider_not_touching_you, uniq_agnes,
          uniq_jorgrun, uniq_aizul
Spider:4: floodkiller_spider_rune_tomb, uniq_bai_suzhen, uniq_mara
Slime:1:  layout_caves
Slime:2:  layout_caves, nicolae_slime_getting_an_eyeful
Slime:3:  layout_caves
Slime:4:  nicolae_slime_jelly_donut, layout_caves
Slime:5
Orc:1:    layout_caves, basic_altar
Orc:2:    st_orc_rangers, layout_caves
Elf:1:    nicolae_elf_arrival_fired_up, layout_geoelf_diagonals, serial_shops,
          shop_coins, hangedman_elf_represent, nicolae_elf_big_sculpture_3,
          minmay_shop_grove
Elf:2:    nicolae_elf_blades_splatter_lattice [nicolae_blade_entry_antechamber],
          layout_onion_city, basic_altar, minmay_shop_grid_forest
Elf:3:    grunt_elf_hall_asides, layout_gridlike, minmay_fountain_box,
          grunt_megastairs_5
Vaults:1: hangedman_vaults_trim, vaults_mumra_minichess,
          nicolae_vaults_big_angled_halls, hangedman_vaults_stitches,
          ontoclasm_vaults_spin, st_squares, ontoclasm_vaults_chip,
          vaults_dpeg_cross, ontoclasm_vaults_twist, layout_vaults_maze_bifur,
          serial_hangedman_research, hangedman_research_thermodynamics,
          hangedman_research_electronics, hangedman_research_pyrotechnics,
          hangedman_research_convocations, serial_shops, shop
Vaults:2: v_alt_pattern_5, nicolae_vaults_theta, v_rooms_2,
          hangedman_vaults_maws, v_misc_2, nicolae_vaults_mini_display_case,
          v_misc_26, minmay_crypt_entry_necro_gods, not_door_vault_due,
          layout_vaults_big_cross
Vaults:3: portal_desolation_entry_nicolae_slug, nicolae_vaults_network_s,
          ontoclasm_vaults_idyll, nicolae_vaults_big_ls,
          nicolae_vaults_ring_of_whatevers, nicolae_vaults_ring_of_whatevers,
          ontoclasm_vaults_pinch, ontoclasm_vaults_idyll, vaults_room_pools,
          layout_vaults_omnigrid, serial_shops, nicolae_shop_overgrown_old_shop,
          uniq_nikola
Vaults:4: ebering_ghost_rock_garden, nicolae_vaults_sealed_display, v_misc_25,
          nicolae_vaults_murderbox, nicolae_vaults_bisected_exclaves,
          nicolae_vaults_circle_grid_b, vaults_dpeg_encased_lava, v_misc_30,
          ontoclasm_vaults_idyll, vaults_mumra_minichess_inversion,
          nicolae_vaults_asterisk, vaults_room_pool, grunt_vaults_bifocal,
          layout_vaults_omnibox, serial_shops, nicolae_diamond_shop
Crypt:1:  layout_chaotic_city
Crypt:2:  layout_rooms, mu_enter_wizlab_3, minmay_guarded_unrand_skullcrusher,
          uniq_vv
Crypt:3:  church_of_pain_bobbens, layout_chaotic_city,
          nicolae_tomb_entry_unfolded_pyramid_orthogonal, uniq_zenata
Depths:1: layout_small_grid, hell_entry, serial_shops, shop,
          nicolae_concentric_dashed_squares_mild, nicolae_uskayaw_suspiria,
          serial_bayou_shore_b, uniq_asterion, uniq_enchantress
Depths:2: gammafunk_its_a_trap, layout_gridlike, enter_ziggurat_b,
          pf_hell_entry_tar_spiral, abyss_entry, grunt_pan_entry_zigzag,
          serial_bayou_lagoon_a, infiniplex_staircase_squiggle
Depths:3: kennysheep_blocky_room, layout_honeycomb, lightli_too_deep,
          abyss_entry, infiniplex_staircase_zigzag_1, minmay_shoptagon,
          uniq_grunn
Depths:4: grunt_zot_entry_gee_three, layout_gridlike, serial_bayou_pond_a,
          hell_entry, uniq_sojobo, uniq_xtahua, uniq_margery
Zot:1:    layout_misc_corridors, grunt_megastairs_3, uniq_tiamat
Zot:2:    layout_gridlike
Zot:3:    nicolae_zot_stationary_front, layout_concentric_octagons, st_stairs_2
Zot:4:    gammafunk_sealed_library, layout_onion_interference,
          gammafunk_ghost_crypt
Zot:5:    layout_misc_corridors, skrybe_zot_glass_1

Skill      XL: |  1  2  3  4  5  6  7  8  9 10 11 12 13 14 15 16 17 18 19 20 21 22 23 24 25 26 |
---------------+-------------------------------------------------------------------------------+-----
Polearms       | 4 6 7 8 9 12 14 15 16 17 18 19 20 21 22 23 24 | 24.2
Fighting       | 7 10 12 13 15 16 17 19 20 21 22 24 26 27 | 27.0
Dodging        | 4 6 8 9 11 12 14 15 16 18 20 21 23 | 23.9
Evocations     | 4 7 9 10 14 15 | 15.0
Stealth        | 4 5 8 |  8.1
Throwing       | 8 12 | 12.0

Action                     |  1- 3 |  4- 6 |  7- 9 | 10-12 | 13-15 | 16-18 | 19-21 | 22-24 | 25-27 || total
---------------------------+-------+-------+-------+-------+-------+-------+-------+-------+-------++-------
  Melee: Spear             |   123 |       |       |     6 |    58 |   151 |       |    21 |       ||   359
         Tailslap          |     8 |     5 |    46 |    38 |   122 |   191 |   209 |   295 |    38 ||   952
         Halberd           |       |    45 |   517 |   244 |       |       |       |       |       ||   806
         Glaive            |       |       |       |   144 |   891 |  1147 |  1202 |  1463 |   187 ||  5034
         Punch             |       |       |       |       |       |     4 |       |     1 |       ||     5
  Throw: Boomerang         |       |       |       |     2 |       |       |    15 |     4 |    11 ||    32
         Dart              |       |       |       |       |     2 |       |       |       |       ||     2
 Invoke: Berserk           |     2 |       |     2 |     4 |    14 |     8 |     3 |     6 |       ||    39
         Trog's Hand       |       |       |       |     3 |     6 |    11 |    10 |     6 |     2 ||    38
         Brothers in Arms  |       |       |       |     3 |     6 |     8 |    18 |    15 |     3 ||    53
Ability: Breathe Lightning |       |       |       |     2 |     8 |     1 |       |       |       ||    11
  Evoke: Wand              |       |       |     1 |    24 |    12 |    35 |    15 |    23 |    16 ||   126
         Lightning rod     |       |       |       |       |       |     1 |     1 |       |       ||     2
         Phantom mirror    |       |       |       |       |       |       |       |     2 |     1 ||     3
         Tin of tremorston |       |       |       |       |       |       |       |     1 |       ||     1
    Use: Scroll            |     1 |       |     5 |    25 |    22 |    21 |     7 |    14 |     3 ||    98
         Potion            |       |       |       |     9 |     6 |    19 |    19 |    38 |     9 ||   100
   Stab: Sleeping          |     2 |       |       |     2 |     7 |    28 |    18 |    14 |       ||    71
         Petrifying        |       |       |       |     1 |       |       |       |       |       ||     1
         Petrified         |       |       |       |     1 |       |       |       |       |       ||     1
         Distracted        |       |       |       |       |     3 |    10 |    11 |    11 |     1 ||    36
 Armour: Skin              |    27 |    11 |   136 |   159 |   440 |   742 |   457 |   520 |    68 ||  2560
  Dodge: Dodged            |    48 |    17 |   177 |   222 |   787 |  1586 |   997 |  1180 |   220 ||  5234
  Block: Other             |       |       |       |       |       |       |       |   107 |       ||   107
Riposte: Glaive            |       |       |       |       |       |       |       |   187 |    38 ||   225
         Spear             |       |       |       |       |       |       |       |     3 |       ||     3

Table legend: (Time is in decaauts)
 A = Elapsed time spent in this place.
 B = Non-inter-level travel time spent in this place.
 C = Inter-level travel time spent in this place.
 D = Time resting spent in this place.
 E = Time spent auto-exploring this place.
 F = Levels seen in this place.
 G = Mean time per level.
                   A        B        C        D        E       F      G
               +--------+--------+--------+--------+--------+-----+--------+
         Total |  76747 |  65308 |  11439 |  15811 |  26663 |  60 | 1279.1 |
       Dungeon |  18881 |  14811 |   4070 |   2000 |   9597 |  15 | 1258.7 |
        Temple |    107 |    107 |      0 |      0 |     82 |   1 |  107.0 |
          Lair |   6171 |   5025 |   1146 |    725 |   2806 |   5 | 1234.2 |
         Swamp |   4340 |   3713 |    627 |    705 |   1437 |   4 | 1085.0 |
   Spider Nest |   4960 |   4630 |    330 |   1414 |   1110 |   4 | 1240.0 |
    Slime Pits |   4397 |   4162 |    235 |   1494 |   1298 |   5 |  879.4 |
  Orcish Mines |   1657 |   1285 |    372 |      2 |    843 |   2 |  828.5 |
   Elven Halls |   4375 |   3615 |    760 |    681 |   1248 |   3 | 1458.3 |
        Vaults |   7644 |   6043 |   1601 |    831 |   2384 |   4 | 1911.0 |
         Crypt |   4663 |   4520 |    143 |   1978 |    967 |   3 | 1554.3 |
        Depths |   7023 |   5473 |   1550 |   1466 |   2371 |   4 | 1755.8 |
           Zot |  11464 |  10862 |    602 |   4512 |   2048 |   5 | 2292.8 |
         Sewer |    459 |    459 |      0 |      0 |    301 |   1 |  459.0 |
       Ossuary |    298 |    298 |      0 |      0 |    170 |   1 |  298.0 |
        Wizlab |     17 |     17 |      0 |      0 |      0 |   1 |   17.0 |
    Desolation |     15 |     15 |      0 |      0 |      0 |   1 |   15.0 |
      Gauntlet |    268 |    268 |      0 |      0 |      0 |   1 |  268.0 |
               +--------+--------+--------+--------+--------+-----+--------+

Top non-repeatable levels by time:
   Zot:1: 3329 daAuts
 Crypt:2: 2438 daAuts
   Zot:3: 2376 daAuts
    D:10: 2353 daAuts
Vaults:1: 2339 daAuts
Vaults:2: 2321 daAuts
Depths:4: 2284 daAuts
   Zot:5: 2075 daAuts
Depths:3: 1927 daAuts
    D:14: 1906 daAuts
   Zot:4: 1860 daAuts
   Zot:2: 1822 daAuts
   Elf:3: 1801 daAuts
    D:13: 1647 daAuts
Depths:2: 1619 daAuts
